 Dungeon Crawl Stone Soup version 0.26-a0-663-g36e8fdb655 (webtiles) character file.

Game seed: 16002279475741973922

19 flotson the Sneak (level 2, 0/24 HPs)
             Began as a Demonspawn Delver on Oct 10, 2020.
             Succumbed to a worker ant's poison
             ... on level 3 of the Dungeon.
             The game lasted 00:02:37 (1245 turns).

flotson the Sneak (Demonspawn Delver)               Turns: 1245, Time: 00:02:37

Health: 0/24       AC:  7    Str: 12    XL:     2   Next: 55%
Magic:  2/2        EV: 12    Int: 11    God:
Gold:   65         SH:  0    Dex: 14    Spells: 1/1 levels left

rFire    . . .     SeeInvis .     - Unarmed
rCold    . . .     Faith    .   (no shield)
rNeg     . . .     Spirit   .   a - +0 leather armour
rPois    .         Reflect  .   (helmet restricted)
rElec    .         Harm     .   (no cloak)
rCorr    .         Rampage  .   (no gloves)
MR       .....                  (no boots)
Stlth    ++++......             (no amulet)
HPRegen  0.08/turn              g - ring of stealth
MPRegen  0.08/turn              h - +4 ring of protection

@: lethally poisoned (0 -> -10), hasted, very quick
A: horns 1
a: no special abilities


You were on level 3 of the Dungeon.
You visited 1 branch of the dungeon, and saw 3 of its levels.

You collected 65 gold pieces.

Inventory:

Armour
 a - a +0 leather armour (worn)
Jewellery
 g - a ring of stealth (left hand)
 h - a +4 ring of protection (right hand)
Wands
 f - a wand of digging (3)
Scrolls
 b - 2 scrolls of fog
 c - a scroll of magic mapping
 d - a scroll of fear
 i - a scroll of remove curse {unknown}
 j - a scroll of teleportation {unknown}


   Skills:
 + Level 3.2 Fighting
 + Level 0.8 Armour
 + Level 2.1 Dodging
 - Level 4.6 Stealth
 - Level 1.7 Unarmed Combat


You had one spell level left.
You didn't know any spells.
Your spell library was empty.

Dungeon Overview and Level Annotations

Branches:
Dungeon (5/15)
 Temple: D:4-7

Altars:


Innate Abilities, Weirdness & Mutations

You have a pair of small horns on your head.


Message History

The worker ant bites you but does no damage.
The worker ant closely misses you.
Okay, then.
You feel yourself speed up.
You feel sick. The worker ant barely misses you.
You hit the worker ant but do no damage.
The worker ant is heavily wounded.
The worker ant bites you.
* * * LOW HITPOINT WARNING * * *
You hit the worker ant but do no damage.
Your headbutt misses the worker ant.
The worker ant is heavily wounded.
* * * LOW HITPOINT WARNING * * *
You feel sick.
You barely miss the worker ant. Your headbutt misses the worker ant.
The worker ant is heavily wounded.
The worker ant bites you.
* * * LOW HITPOINT WARNING * * *
You closely miss the worker ant.
The worker ant is heavily wounded.
You die...

#............'......
##############......
#...... #......
#...... #......
#......
##############..###
#.@.............###
##B#######.........
#.# #.###.#### #.#
#.# #.# #.# #.# #.#
#.# #.# #.# ... ...
#.# ## .#.## #.#
#..... #.#.# #.....


You could see a worker ant.

Vanquished Creatures
  2 worms (D:3)
  A leopard gecko (D:3)
  An orc (D:3)
  A giant cockroach (D:3)
  A goblin (D:3)
  A quokka (D:3)
  A bat (D:3)
  2 kobolds (D:3)
  2 rats (D:3)
12 creatures vanquished.

Notes
Turn   | Place    | Note
-------+----------+-------------------------------------------
     0 | D:5      | flotson the Demonspawn Delver began the quest for the Orb.
     0 | D:5      | Reached XP level 1. HP: 18/18 MP: 1/1
    25 | D:5      | Noticed an iguana
    57 | D:5      | Noticed an orc wizard
    64 | D:4      | Noticed a howler monkey
   667 | D:3      | Gained mutation: You have a pair of small horns on your
                  | head. [demonic ancestry]
   667 | D:3      | Reached XP level 2. HP: 11/24 MP: 2/2
  1244 | D:3      | HP: 1/24 [worker ant (1)]
  1245 | D:3      | Succumbed to a worker ant's poison

Illustrated notes

Levels and vault maps discovered:
D:3:      layout_basic
D:4:      layout_cave_pods, zin_academy, vehumet_crystals,
          minmay_misc_feat_secret_circle, uniq_edmund, uniq_blork_the_orc
D:5:      layout_cave_pools, lemuel_angel_altar

Skill      XL: |  1 |
---------------+----+-----
Dodging        | 2 |  2.1
Fighting       | |  3.2
Armour         | |  0.8
Stealth        | |  4.6
Unarmed Combat | |  1.7

Action                   || total
-------------------------++-------
Melee: Unarmed           ||    95
       Punch             ||     1
       Headbutt          ||     8
  Use: Potion            ||     1
 Stab: Sleeping          ||     3
       Distracted        ||     1
Armor: Leather armour    ||    16
Dodge: Dodged            ||    49

Table legend: (Time is in decaauts)
 A = Elapsed time spent in this place.
 B = Non-inter-level travel time spent in this place.
 C = Inter-level travel time spent in this place.
 D = Time resting spent in this place.
 E = Time spent auto-exploring this place.
 F = Levels seen in this place.
 G = Mean time per level.
                   A        B        C        D        E       F      G
               +--------+--------+--------+--------+--------+-----+--------+
         Total |   1239 |   1239 |      0 |    221 |    673 |   3 |  413.0 |
       Dungeon |   1239 |   1239 |      0 |    221 |    673 |   3 |  413.0 |
               +--------+--------+--------+--------+--------+-----+--------+

Top non-repeatable levels by time:
     D:3: 1173 daAuts
     D:5: 60 daAuts
     D:4: 5 daAuts
